 Dungeon Crawl Stone Soup version 0.27-a0-380-g150de4c316 (webtiles) character file.

Game seed: 8628542036597895542

46 dickylongcocking the Sneak (level 3, 0/17 HPs)
             Began as a Felid Delver on Feb 17, 2021.
             Slain by a worm (10 damage)
             ... on level 3 of the Dungeon.
             The game lasted 00:01:21 (1483 turns).

dickylongcocking the Sneak (Felid Delver)           Turns: 1483, Time: 00:01:21

Health: 0/17       AC:  1    Str:  8    XL:     3   Next: 44%
Magic:  4/4        EV: 18    Int: 12    God:
Gold:   25         SH:  0    Dex: 17    Spells: 2/2 levels left
                                        Lives:  0   Deaths: 0

rFire    . . .     SeeInvis +     - Unarmed
rCold    . . .     Faith    .   (shield unavailable)
rNeg     . . .     Spirit   .   (armour unavailable)
rPois    .         Reflect  .   (helmet unavailable)
rElec    .         Harm     .   (cloak unavailable)
rCorr    .         Rampage  .   (gloves unavailable)
Will     .....                  (boots unavailable)
Stlth    ++++......             (no amulet)
HPRegen  0.05/turn              (no ring)
MPRegen  0.09/turn              (no ring)

@: quick
A: very small, no armour, no weapons or thrown items, stealth, claws 1, fangs 3,
see invisible, speed 1, shaggy fur 1, sharp paws
a: no special abilities


You were on level 3 of the Dungeon.
You visited 1 branch of the dungeon, and saw 4 of its levels.

You collected 25 gold pieces.

Inventory:

Jewellery
 n - a ring of protection from cold
Wands
 e - a wand of digging (2)
Scrolls
 a - a scroll of fog
 c - 2 scrolls of fear
 f - a scroll of enchant weapon {unknown}
 h - a scroll of noise {unknown}
 i - 3 scrolls of enchant armour {unknown}
 l - a scroll of magic mapping
 o - a scroll of immolation {unknown}
Potions
 b - a potion of lignification {unknown}
 d - a potion of haste
 g - a potion of brilliance {unknown}
 j - a potion of flight {unknown}
 k - 2 potions of heal wounds {unknown}
 m - 3 potions of degeneration {unknown}


   Skills:
 - Level 3.0 Fighting
 - Level 2.6 Dodging
 - Level 6.6 Stealth
 * Level 3.9 Unarmed Combat


You had 2 spell levels left.
You didn't know any spells.
Your spell library was empty.

Dungeon Overview and Level Annotations

Branches:
Dungeon (5/15)
 Temple: D:4-7

Altars:


Innate Abilities, Weirdness & Mutations

You cannot wear armour.
You are incapable of wielding weapons or throwing items.
Your paws allow you to move quietly. (Stealth)
You have sharp claws.
You have razor-sharp teeth.
You have supernaturally acute eyesight. (SInv)
You cover ground quickly.
You are covered in fur. (AC +1)
Your sharp claws are effective at attacking unaware monsters.


Message History

You scratch the rat.
You kill the rat!
You claw the goblin!
You kill the goblin!
You feel sick.
Things that are here:
a +0 dagger; an adder corpse
There is an open door here.
You start resting.
Things that are here:
a +0 dagger; an adder corpse You start resting.
You feel sick. x4
You are no longer poisoned.
You start resting.
HP restored.
There is an open door here.
Found 21 stones.
k - 2 sapphire potions (gained 1)
You now have 15 gold pieces.
You now have 25 gold pieces (gained 10).
As you open the door, it creaks loudly!
Found a leather armour.
o - a scroll labelled SOEGAS CESA A worm and a dart slug come into view.
There are monsters nearby!
There are monsters nearby!
Found a dented brass amulet.
The dart slug misses you.
You barely miss the worm. You bite the worm, but do no damage.
The dart slug bites you.
You scratch the worm but do no damage. The worm completely misses you.
You scratch the dart slug.
The dart slug is lightly wounded.
The dart slug launches a dart at you. The slug dart hits you.
You scratch the dart slug.
The dart slug is severely wounded.
The worm bites you!
Ouch! That really hurt!
You die...

####################
#."................####
#.........######.......
#.....[...######.......
#.........+....'.......
#....w....######.......
#....w@.....# #.......
#####+###...####.......
+...##.....#...
#...##.#####...
#....#.# #(.. #....#.#
###+ #......# #...#..#
#####..#


You could see a worm and a dart slug.

Vanquished Creatures
  3 adders
  A worm (D:2)
  A ball python (D:2)
  A giant cockroach (D:3)
  A goblin (D:3)
  3 jackals (D:2)
  2 quokkas (D:4)
  A kobold (D:2)
  5 rats
18 creatures vanquished.

Notes
Turn   | Place    | Note
-------+----------+-------------------------------------------
     0 | D:5      | dickylongcocking the Felid Delver began the quest for the
                  | Orb.
     0 | D:5      | Reached XP level 1. HP: 10/10 MP: 2/2
   279 | D:3      | Reached XP level 2. HP: 14/14 MP: 3/3
   655 | D:2      | Reached XP level 3. HP: 17/17 MP: 4/4
  1483 | D:3      | Slain by a worm

Illustrated notes

Levels and vault maps discovered:
D:2:      layout_basic, chequers_ecumenical_altar_island, uniq_robin,
          uniq_terence
D:3:      layout_basic
D:4:      layout_basic, xom_redecorated, uniq_eustachio
D:5:      layout_rooms, general_overflow_altar

Skill      XL: |  1  2 |
---------------+-------+-----
Unarmed Combat | 3 |  3.9
Fighting       | |  3.0
Dodging        | |  2.6
Stealth        | |  6.6

Action                   || total
-------------------------++-------
Melee: Unarmed           ||    54
       Bite              ||     4
       Punch             ||     1
Evoke: Wand              ||     1
  Use: Scroll            ||     1
 Stab: Sleeping          ||     6
       Distracted        ||     1
Dodge: Dodged            ||    38

Table legend: (Time is in decaauts)
 A = Elapsed time spent in this place.
 B = Non-inter-level travel time spent in this place.
 C = Inter-level travel time spent in this place.
 D = Time resting spent in this place.
 E = Time spent auto-exploring this place.
 F = Levels seen in this place.
 G = Mean time per level.
                   A        B        C        D        E       F      G
               +--------+--------+--------+--------+--------+-----+--------+
         Total |   1347 |   1311 |     36 |    623 |    422 |   4 |  336.8 |
       Dungeon |   1347 |   1311 |     36 |    623 |    422 |   4 |  336.8 |
               +--------+--------+--------+--------+--------+-----+--------+

Top non-repeatable levels by time:
     D:3: 642 daAuts
     D:2: 535 daAuts
     D:4: 158 daAuts
     D:5: 11 daAuts
